 Dungeon Crawl Stone Soup version 0.28.0-53-g5a82cb258f (webtiles) character file.

Game seed: 7344586778387976282

78 quokkamancerX the Chopper (level 4, -9/39 HPs)
             Began as a Hill Orc Fighter on June 3, 2022.
             Killed by nerve-wracking pain
             ... invoked by an orc priest
              (14 damage)
             ... on level 2 of the Dungeon.
             The game lasted 00:02:40 (1519 turns).

quokkamancerX the Chopper (Hill Orc Fighter)        Turns: 1519, Time: 00:02:41

Health: -9/39      AC:  8    Str: 20    XL:     4   Next: 36%
Magic:  4/4        EV:  9    Int:  8    God:
Gold:   29         SH:  4    Dex: 10    Spells: 3/3 levels left

rFire   . . .      SeeInvis .   a - +0 war axe
rCold   . . .      Faith    .   c - +0 buckler
rNeg    . . .      Spirit   .   b - +0 scale mail
rPois   .          Reflect  .   (no helmet)
rElec   .          Harm     .   (no cloak)
rCorr   .          Rampage  .   f - +0 pair of gloves
Will    .....                   (no boots)
Stlth   ..........              (no amulet)
HPRegen 0.13/turn               h - ring of flight
MPRegen 0.09/turn               (no ring)

@: flying
A: no striking features
a: Convert to Beogh


You were on level 2 of the Dungeon.
You visited 1 branch of the dungeon, and saw 2 of its levels.

You collected 29 gold pieces.

Inventory:

Hand Weapons
 a - a +0 war axe (weapon)
Missiles
 k - 4 poisoned darts (quivered)
Armour
 b - a +0 scale mail (worn)
 c - a +0 buckler (worn)
 f - a +0 pair of gloves (worn)
Jewellery
 h - a ring of flight (left hand)
 l - a ring of wizardry
Scrolls
 g - a scroll of enchant armour {unknown}
 i - a scroll of holy word {unknown}
 j - a scroll of identify {unknown}
 m - a scroll of teleportation {unknown}
Potions
 d - a potion of might
 e - 2 potions of heal wounds {unknown}


   Skills:
 - Level 3.6 Fighting
 + Level 6.0 Axes
 - Level 3.2 Armour
 - Level 3.2 Shields


You had 3 spell levels left.
You didn't know any spells.
Your spell library contained the following spells:

 Spells                   Type           Power      Damage    Failure   Level
 Conjure Flame            Conj/Fire      0%         6-21      99%         3
 Ignite Poison            Fire/Tmut/Pois 0%         N/A       99%         3
 Sticky Flame             Conj/Fire      0%         2d3       100%        4


Dungeon Overview and Level Annotations

Branches:
Dungeon (2/15)

Altars:


Message History

You are too injured to fight recklessly!
You are too injured to fight recklessly!
You are too injured to fight recklessly!
You closely miss the orc priest.
The orc priest shouts, "Join the one true god or die!"
The orc priest is moderately wounded.
You barely miss the orc. You block the orc's attack.
The orc priest calls upon Beogh to heal the orc.
The orc's wounds heal themselves!
The orc barely misses you.
You closely miss the orc priest.
The orc priest is moderately wounded.
You closely miss the orc.
The orc priest shouts, "Beogh is our master!
Accept the truth or die!"
The orc hits you but does no damage.
The orc priest hits you with a +3 trident.
You block the orc's attack. x2
You barely miss the orc priest.
The orc priest is moderately wounded.
You hit the orc.
The orc priest hits you but does no damage.
The orc hits you with a +0 mace.
The orc hits you from afar with a +0 trident.
The orc priest hits you with a +3 trident.
* * * LOW HITPOINT WARNING * * *
The orc hits you but does no damage.
You barely miss the orc priest.
The orc priest is moderately wounded.
You slash the orc!
You kill the orc!
The orc hits you from afar with a +0 trident.
* * * LOW HITPOINT WARNING * * *
You block the orc priest's attack.
Your Axes skill increases to level 6!
You hit the orc priest.
The orc priest is severely wounded.
The orc hits you from afar with a +0 trident.
* * * LOW HITPOINT WARNING * * *
The orc priest invokes the aid of Beogh against you.
Pain shoots through your body!
You die...

#..#.^>...^..#.
#.....^........
#..#.........##.
####...^.^^..#
##..^....##
##.....## .
###..###
#...#o#)##
......)@#
#....#)o.....#
##.#....###### #
##.#.# ....#
######


You could see an orc priest and an orc.

Vanquished Creatures
  An adder (D:2)
  2 worms (D:2)
  4 dart slugs
  3 orcs (D:2)
  3 ball pythons
  A bat (D:2)
  An endoplasm (D:1)
  3 giant cockroaches (D:1)
  2 goblins (D:1)
  6 hobgoblins
  7 jackals
  4 kobolds (D:1)
  3 quokkas
  2 frilled lizards (D:1)
  6 rats (D:1)
48 creatures vanquished.

Notes
Turn   | Place    | Note
-------+----------+-------------------------------------------
     0 | D:1      | quokkamancerX the Hill Orc Fighter began the quest for the
                  | Orb.
     0 | D:1      | Reached XP level 1. HP: 19/19 MP: 1/1
    19 | D:1      | Reached skill level 3 in Axes
    28 | D:1      | Reached XP level 2. HP: 9/26 MP: 2/2
   267 | D:1      | Reached skill level 4 in Axes
   511 | D:1      | Reached XP level 3. HP: 28/31 MP: 3/3
   680 | D:1      | Found a faded altar of an unknown god.
   708 | D:1      | Reached skill level 5 in Axes
  1133 | D:2      | Reached XP level 4. HP: 39/39 MP: 4/4
  1519 | D:2      | Reached skill level 6 in Axes
  1519 | D:2      | Killed from afar by an orc priest

Illustrated notes

Levels and vault maps discovered:
D:1:      dpeg_arrival_ratfight, layout_rooms, serial_rivers,
          chequers_serial_rivers_large_b, chequers_serial_rivers_micro_b,
          chequers_serial_rivers_micro_c, chequers_serial_rivers_marsh,
          chequers_serial_rivers_micro_a, dreamdust_ecumenical_altar_grove,
          minmay_cut_off
D:2:      layout_loops_cross, nicolae_wormholes

Skill      XL: |  1  2  3  4 |
---------------+-------------+-----
Axes           | 3 4 5 6 |  6.0
Fighting       | |  3.6
Armour         | |  3.2
Shields        | |  3.2

Action                   |  1- 3 |  4- 6 || total
-------------------------+-------+-------++-------
Melee: War axe           |    80 |    28 ||   108
Armor: Scale mail        |    46 |    13 ||    59
Dodge: Dodged            |    38 |     9 ||    47
Block: Buckler           |    15 |     8 ||    23
